Map: 에버 드림 - 래더

Players

LiquidMaNa (MaNa) - Winner!

  • Race: Protoss Protoss
  • Spawn Location: 1:00

Stats

  • Race: Protoss Protoss
  • Spawn Location: 7:00

Event: StayAtHomestory Cup #2

VOD

Have the link to the VOD?

Description

Time

  • Played on: June 11, 2020, 11:31 a.m.
  • Length: 14:15

All games in this series

Show
View Real Time Build Order
Export as new Build Order

LiquidMaNa Protoss - Winner!

Build Orders: Phoenix Opening 

Get SALT Encoding   

  12  0:00  Probe  
  13  0:12  Probe  
  14  0:17  Pylon  
  14  0:23  Probe  
  15  0:31  Probe  
  15  0:38  Gateway  
  15  0:39  Probe  
  16  0:48  Assimilator  
  17  0:51  Probe  
  18  0:59  Probe  
  19  1:04  Assimilator  
  19  1:07  Probe  
  19  1:17  Probe  
  20  1:22  Gateway  
  20  1:25  Cybernetics Core  
  21  1:29  Probe  
  22  1:36  Pylon  
  22  1:41  Probe  
  24  1:54  Probe  
  24  2:01  Warp Gate  
  24  2:02  Stalker  
  24  2:06  Probe  
  27  2:09  Stalker  
  27  2:12  Pylon  
  29  2:18  Probe  
  30  2:33  Probe  
  35  2:46  Robotics Facility  
  35  2:47  Robotics Facility  
  35  2:51  Stargate  
  31  2:52  Zealot x2  
  35  2:58  Shield Battery  
  35  3:04  Pylon  
  35  3:19  Zealot x2  
  39  3:26  Immortal, Pylon  
  39  3:38  Phoenix  
  43  3:52  Pylon  
  43  3:56  Sentry  
  43  4:00  Stalker  
  47  4:09  Pylon  
  47  4:23  Immortal, Phoenix  
  53  4:43  Zealot x2  
  57  4:51  Phoenix  
  59  4:58  Pylon  
  59  5:12  Warp Prism  
  49  5:29  Zealot x2  
  45  5:48  Phoenix  
  38  5:54  Stalker x2  
  38  6:01  Immortal  
  42  6:17  Phoenix  
  44  6:24  Adept x2  
  48  6:33  Observer  
  48  6:44  Phoenix  
  48  6:45  Zealot  
  48  6:46  Zealot  
  55  7:05  Immortal  
  58  7:17  Zealot x2  
  62  7:43  Sentry x2  
  62  8:11  Nexus  
  62  8:34  Immortal  
  62  8:40  Observer  
  62  8:43  Sentry x2  
  66  8:49  Observer  
  66  9:13  Pylon  
  66  9:14  Pylon  
  66  9:23  Observer  
  66  9:26  Zealot x2  
  70  9:31  Observer  
  70  9:35  Observer, Probe x2  
  71  9:41  Observer  
  71  9:47  Immortal  
  71  9:50  Shield Battery  
  75  10:01  Probe  
  75  10:06  Probe  
  77  10:13  Probe  
  77  10:23  Stalker  
  77  10:24  Stalker  
  77  10:26  Observer  
  82  10:35  Probe x2  
  84  10:47  Warp Prism  
  80  10:58  Stalker x2  
  82  11:04  Phoenix  
  82  11:05  Probe x2  
  82  11:10  Twilight Council  
  86  11:19  Probe, Assimilator  
  86  11:21  Assimilator  
  86  11:25  Forge  
  87  11:29  Protoss Ground Weapons Level 1  
  87  11:34  Observer  
  87  11:35  Charge  
  86  11:50  Zealot x2  
  90  12:02  Gateway  
  90  12:03  Gateway  
  90  12:17  Zealot x2  
  94  12:33  Pylon  
  94  12:34  Pylon  
  94  12:36  Gateway  
  94  12:38  Gateway  
  94  12:50  Phoenix  
  88  12:59  Templar Archives  
  88  13:08  Zealot x4  
  96  13:36  High Templar x2  
  96  13:39  High Templar x4  
  96  13:41  Archon  
  108  13:43  Archon x2  
Show
View Real Time Build Order
Export as new Build Order

Stats Protoss 

Build Orders:  

Get SALT Encoding   

  12  0:01  Probe  
  13  0:13  Probe  
  14  0:17  Pylon  
  14  0:25  Probe  
  15  0:33  Probe  
  15  0:36  Gateway  
  15  0:41  Probe  
  16  0:46  Assimilator  
  17  0:52  Probe  
  17  0:54  Assimilator  
  18  1:00  Probe  
  19  1:07  Gateway  
  19  1:08  Probe  
  19  1:18  Probe  
  20  1:23  Cybernetics Core  
  21  1:30  Probe  
  22  1:34  Pylon  
  22  1:42  Probe  
  23  1:54  Probe  
  23  2:00  Robotics Facility, Warp Gate  
  24  2:03  Stalker  
  26  2:12  Stalker  
  28  2:19  Pylon  
  28  2:33  Stalker  
  30  2:38  Immortal  
  33  2:54  Gateway  
  33  3:00  Pylon  
  33  3:03  Sentry  
  35  3:09  Warp Prism  
  37  3:29  Pylon  
  37  3:43  Shield Battery  
  37  3:47  Observer  
  38  3:59  Adept x2  
  38  4:00  Sentry  
  44  4:11  Immortal  
  48  4:20  Observer  
  48  4:31  Adept  
  48  4:32  Adept x2  
  54  4:45  Pylon  
  54  4:46  Twilight Council  
  54  5:04  Adept x3  
  60  5:11  Pylon  
  48  5:29  Adept x3  
  48  5:41  Immortal  
  44  5:43  Blink  
  32  6:23  Warp Prism  
  34  6:27  Sentry x2  
  38  6:34  Stalker  
  40  6:52  Stalker x2  
  44  7:00  Probe  
  45  7:07  Stalker  
  47  7:24  Stalker x2  
  51  7:32  Stalker  
  53  7:39  Pylon  
  53  7:53  Stalker x2  
  53  7:57  Stalker  
  59  8:25  Stalker x3  
  63  8:49  Stalker x2  
  63  8:52  Stalker  
  69  9:17  Nexus  
  69  9:42  Pylon  
  69  9:52  Observer  
  69  10:02  Probe  
  69  10:04  Stalker x2  
  74  11:02  Stalker x3  
  72  11:07  Probe x2  
  72  11:09  Phoenix  
  72  11:10  Robotics Facility  
  74  11:15  Probe x2  
  73  11:22  Shield Battery  
  75  11:28  Sentry x2  
  75  11:31  Sentry  
  81  11:38  Probe x2  
  73  11:50  Probe x2  
  73  11:51  Observer  
  75  11:57  Robotics Bay  
  76  12:02  Assimilator  
  76  12:03  Probe x2  
  76  12:04  Assimilator  
  78  12:17  Probe x2  
  80  12:24  Nexus  
  80  12:29  Robotics Facility  
  80  12:35  Pylon  
  80  12:40  Stalker  
  81  12:45  Disruptor  
  78  13:01  Observer, Shield Battery  
  78  13:03  Shield Battery  
  78  13:06  Sentry x3  
  78  13:09  Disruptor  
  78  13:10  Probe x2  
  86  13:18  Pylon  
  89  13:32  Disruptor  
  87  13:35  Disruptor  
  83  14:01  Adept x2  
  82  14:03  Adept  
Tags
 
Add a new tag
Caveats
  • Supply blocks, unpowered buildings, or Contaminate may cause inaccurate times.
  • Supply counts are checked every 10 seconds.